 Dungeon Crawl Stone Soup version 0.24-a0-235-g3f03afc (webtiles) character file.

Game seed: 17872276433059783418

312377 Hylith the Slayer (level 20, -7/206 HPs)
             Began as a Minotaur Fighter on Apr 7, 2019.
             Was the Champion of Okawaru.
             Splashed by an acid blob's acid (16 damage)
             ... on level 4 of the Pits of Slime.
             The game lasted 02:40:20 (36326 turns).

Hylith the Slayer (Minotaur Fighter)               Turns: 36326, Time: 02:40:21

Health: -7/206     AC: 18    Str: 28    XL:     20   Next: 44%
Magic:  23/23      EV: 18    Int:  5    God:    Okawaru [******]
Gold:   2670       SH: 27    Dex: 19    Spells: 17/19 levels left

rFire    . . .     SeeInvis +   a - +2 demon whip of the Whale {vamp, rElec MR+}
rCold    . . .     Gourm    .   t - +0 large shield
rNeg     + . .     Faith    .   i - +4 chain mail of Misasier {*Contam Dex+4 SInv}
rPois    +         Spirit   .   L - +2 hat
rElec    +         Reflect  +   V - +2 cloak
rCorr    .         Harm     .   c - +1 pair of gloves "Geid" {Str+3 Slay+3}
MR       ++...     Rnd*Tele +   y - +2 pair of boots {run}
Stlth    ..........             N - +2 amulet of reflection
HPRegen  0.44/turn              C - +1 ring of evasion
MPRegen  0.18/turn              M - ring of positive energy

@: about to teleport, corroded, quick
A: retaliatory headbutt, horns 2, blurry vision 1, deformed body, poison
resistance, teleportitis 1, subdued magic 3
}: 2/15 runes: barnacled, gossamer
a: Heroism, Finesse, Renounce Religion


You were on level 4 of the Pits of Slime.
You worshipped Okawaru.
Okawaru was exalted by your worship.
You were not hungry.

You visited 7 branches of the dungeon, and saw 34 of its levels.
You visited the Abyss 1 time.

You collected 3286 gold pieces.
You spent 616 gold pieces at shops.

Inventory:

Hand Weapons
 a - the +2 demon whip of the Whale (weapon) {vamp, rElec MR+}
   (Okawaru gifted it to you on level 9 of the Dungeon)

   It inflicts no extra harm, but heals its wielder when it wounds a living foe.
   It insulates you from electricity.
   It affects your resistance to hostile enchantments.
Missiles
 I - 13 exploding tomahawks
 O - 86 tomahawks (quivered)
 W - 73 javelins
Armour
 c - the +1 pair of gloves "Geid" (worn) {Str+3 Slay+3}
   (Okawaru gifted it to you on level 2 of the Elven Halls)

   It affects your strength (+3).
   It affects your accuracy and damage with ranged weapons and melee attacks
   (+3).
 i - the +4 chain mail of Misasier (worn) {*Contam Dex+4 SInv}
   (You found it on level 10 of the Dungeon)

   It affects your dexterity (+4).
   It lets you see invisible.
   It causes magical contamination when unequipped.
 k - a scarf of spirit shield
 t - a +0 large shield (worn)
 y - a +2 pair of boots of running (worn)
 L - a +2 hat (worn)
 T - a +4 chain mail of positive energy
 V - a +2 cloak (worn)
Jewellery
 C - a +1 ring of evasion (left hand)
 J - an uncursed amulet of the gourmand
 M - a ring of positive energy (right hand)
 N - a +2 amulet of reflection (around neck)
 R - an uncursed ring of protection from cold
Wands
 j - a wand of scattershot (3)
 x - a wand of flame (53)
 H - a wand of digging (28)
 P - a wand of acid (20)
 Q - a wand of clouds (11)
 U - a wand of iceblast (28)
Scrolls
 b - 7 scrolls of amnesia
 g - a scroll of silence
 m - 6 scrolls of fear
 n - 23 scrolls of teleportation
 o - 6 scrolls of fog
 q - 2 scrolls of enchant armour
 s - 9 scrolls of remove curse
 v - a scroll of acquirement
 w - 2 scrolls of holy word
 z - 3 scrolls of enchant weapon
 B - 5 scrolls of magic mapping
 D - 4 scrolls of blinking
 G - 3 scrolls of identify
 Y - a scroll of brand weapon
Potions
 d - 5 potions of might
 h - 3 potions of curing
 l - 5 potions of mutation
 p - a potion of resistance
 r - 5 potions of lignification
 u - 7 potions of flight
 A - a potion of ambrosia
 E - a potion of magic
 F - 2 potions of agility
 K - 4 potions of cancellation
 X - a potion of invisibility
 Z - 7 potions of haste
Miscellaneous
 e - a lamp of fire
 S - a lamp of fire
Comestibles
 f - 40 rations


   Skills:
 - Level 24.0 Fighting
 + Level 17.4 Maces & Flails
 * Level 11.5 Throwing
 + Level 16.8 Armour
 + Level 11.6 Dodging
 * Level 20.7 Shields
 - Level 6.0 Invocations
 - Level 0.2 Evocations


You had 17 spell levels left.
You knew the following spells:

 Your Spells              Type           Power        Failure   Level  Hunger
a - Swiftness             Chrm/Air       #.......     98%         2    ###....

Your spell library contained the following spells:

 Spells                   Type           Power        Failure   Level  Hunger
 Animate Skeleton         Necr           N/A          92%         1    ##.....
 Apportation              Tloc           #.....       92%         1    ##.....
 Confusing Touch          Hex            #.....       92%         1    ##.....
 Corona                   Hex            #......      92%         1    ##.....
 Flame Tongue             Conj/Fire      #....        92%         1    ##.....
 Infusion                 Chrm           #...         92%         1    ##.....
 Sandblast                Erth           #.....       92%         1    ##.....
 Summon Butterflies       Summ           #.......     92%         1    ##.....
 Summon Small Mammal      Summ           #...         92%         1    ##.....
 Ensorcelled Hibernation  Hex/Ice        #.....       98%         2    ###....
 Passwall                 Tmut/Erth      #.......     98%         2    ###....
 Shroud of Golubria       Chrm/Tloc      #.........   98%         2    ###....
 Slow                     Hex            #.......     98%         2    ###....
 Song of Slaying          Chrm           #.......     98%         2    ###....
 Sublimation of Blood     Necr           #.........   98%         2    ###....
 Confuse                  Hex            #.......     100%        3    ####...
 Dazzling Spray           Conj/Hex       #.....       100%        3    ####...
 Gell's Gravitas          Tloc           #.........   100%        3    ####...
 Ignite Poison            Fire/Tmut/Pois #.......     100%        3    ####...
 Lesser Beckoning         Tloc           #.........   100%        3    ####...
 Portal Projectile        Hex/Tloc       #.....       100%        3    ####...
 Regeneration             Chrm/Necr      #.........   100%        3    ####...
 Spectral Weapon          Hex/Chrm       #.......     100%        3    ####...
 Stone Arrow              Conj/Erth      #.....       100%        3    ####...
 Summon Guardian Golem    Hex/Summ       #.......     100%        3    ####...
 Tukima's Dance           Hex            #.......     100%        3    ####...
 Cause Fear               Hex            #.........   100%        4    #####..
 Force Lance              Conj/Tloc      #.......     100%        4    #####..
 Fulminant Prism          Conj/Hex       #.........   100%        4    #####..
 Passage of Golubria      Tloc           N/A          100%        4    #####..
 Petrify                  Tmut/Erth      #.......     100%        4    #####..
 Alistair's Intoxication  Tmut/Pois      #.......     100%        5    ######.
 Bolt of Draining         Conj/Necr      #.........   100%        5    ######.
 Borgnjor's Vile Clutch   Necr/Erth      #.........   100%        5    ######.
 Fireball                 Conj/Fire      #.........   100%        5    ######.
 Irradiate                Conj/Tmut      #.........   100%        5    ######.
 Lee's Rapid Deconstruct  Erth           #.........   100%        5    ######.
 Metabolic Englaciation   Hex/Ice        #.........   100%        5    ######.
 Yara's Violent Unravell  Hex/Tmut       #.........   100%        5    ######.
 Bolt of Fire             Conj/Fire      #.........   100%        6    #######
 Darkness                 Hex            #.........   100%        6    #######
 Dispersal                Tloc           #.........   100%        6    #######
 Invisibility             Hex            #.......     100%        6    #######
 Dragon Form              Tmut           #.........   100%        7    #######
 Ring of Flames           Chrm/Fire      #.........   100%        7    #######
 Controlled Blink         Tloc           N/A          100%        8    #######
 Disjunction              Tloc           #.........   100%        8    #######
 Ignition                 Fire           #.........   100%        8    #######
 Dragon's Call            Summ           #.........   100%        9    #######


Dungeon Overview and Level Annotations

Branches:
Dungeon (11/15)            Temple (0/1) D:5            Lair (6/6) D:9
 Shoals (4/4) Lair:3       Spider (4/4) Lair:2        Slime (4/5) Lair:6
    Orc (2/2) D:9             Elf (3/3) Orc:2

Altars:
Ashenzari
Dithmenos
Elyvilon
Gozag
Kikubaaqudgha
Makhleb
Nemelex Xobeh
Okawaru
Qazlal
Ru
Sif Muna
Trog
Xom
Zin

Shops:
D:11 ?   Orc:1 %   Orc:2 %}[%%   Elf:1 [   Elf:3 !!

Annotations:
D:8 3 runed translucent doors, asdu's ghost, novice DrTm


Innate Abilities, Weirdness & Mutations

You reflexively headbutt those who attack you in melee.
You have a pair of horns on your head.
Scrolls take you a little longer to read.
Armour fits poorly on your strangely shaped body.
Your system is resistant to poisons. (rPois)
You are occasionally teleported next to monsters.
Your spells are much easier to cast, but much less powerful.


Message History

* * * LOW HITPOINT WARNING * * *
Two slime creatures merge to form a large slime creature.
The slime creature quivers.
As you read the scroll of teleportation, it crumbles to dust.
You feel strangely unstable.
A slime creature comes into view.
The slime creature quivers.
You block the slime creature's attack. The acid blob spits acid at you.
The splash of acid hits you but does no damage.
You are splashed with acid!
* * * LOW HITPOINT WARNING * * *
You feel better. You block the slime creature's attack.
You block the large slime creature's attack.
Two slime creatures merge to form a very large slime creature.
A slime creature comes into view.
The acid blob spits acid at you.
The splash of acid hits you but does no damage.
The acid corrodes you!
You are splashed with acid!
You die...

.J#... J.....
...J.. ## #J.J...
.##.# ##......#
.....# ##...J.#
......###.J...#
.........J@..##
.........JJ...#
...#.............#
.......#.##...#.##
......#..# ....##
>......... ...##
.........#.####
...........
##......## #


You could see 2 acid blobs, a very large slime creature and 7 slime creatures.

Vanquished Creatures
  Saint Roka (Elf:3)
  Arachne (Spider:4)
  Rupert (Lair:6)
  A deep elf blademaster (Elf:3)
  A deep elf master archer (Elf:3)
  14 acid blobs
  2 krakens
  Agnes (Elf:2)
  The ghost of Cathule the Grappler, a journeyman TrHu of Okawaru (Spider:4)
  Kirke (Lair:6)
  4 azure jellies
  The ghost of Hylith the Peltast, a journeyman MiFi of Okawaru (Shoals:3)
  6 deep elf sorcerers
  Aizul (Shoals:1)
  6 ghost moths
  7 emperor scorpions
  7 deep elf elementalists
  Nessos (Lair:5)
  6 entropy weavers
  5 deep elf annihilators (Elf:3)
  3 deep elf demonologists (Elf:3)
  A dire elephant (Lair:6)
  3 spark wasps (Spider:4)
  4 merfolk javelineers (Shoals:4)
  2 deep elf death magi
  A death ooze (Slime:3)
  8 merfolk impalers
  A great orb of eyes (Slime:1)
  Erolcha (Orc:2)
  Fannar (Lair:1)
  5 deep elf high priests (Elf:3)
  2 hydras
  5 merfolk avatars
  A centaur warrior (D:8)
  A catoblepas (Lair:6)
  An alligator snapping turtle (Shoals:2)
  11 two-headed ogres
  2 ogre magi (Orc:2)
  6 satyrs
  10 death yaks (Lair:6)
  A deep troll shaman (Lair:6)
  4 merfolk aquamancers (Shoals:4)
  A tengu warrior (D:10)
  21 dancing weapons
  2 orc high priests
  15 deep elf knights
  A fire crab (shapeshifter) (Elf:3)
  3 large abominations (Elf:1)
  11 sea snakes
  A glowing orange brain (Slime:4)
  2 deep trolls (Orc:2)
  An unseen horror (D:10)
  13 deep elf archers
  4 harpies (Shoals:1)
  A necromancer (Elf:1)
  15 fauns
  4 shining eyes
  58 deep elf magi
  40 wolf spiders
  4 oklob plants (Lair:6)
  5 orc sorcerers
  An orc knight (Orc:2)
  24 orb spiders
  13 manticores
  3 cyclopes
  A moth of wrath (Spider:4)
  8 black mambas
  5 elephants (Lair:6)
  6 merfolk sirens
  3 eyes of devastation
  3 water nymphs
  9 spiny frogs
  A spectral sea snake (Shoals:3)
  5 rime drakes
  19 demonic crawlers
  A spectral water nymph (Shoals:3)
  A komodo dragon (Lair:5)
  A polar bear (Lair:6)
  11 trolls
  46 merfolk
  3 spectral jumping spiders (Spider:4)
  35 jumping spiders
  5 wind drakes
  6 hornets
  9 blink frogs
  7 snapping turtles
  12 hippogriffs
  3 dream sheep (Shoals:3)
  86 slime creatures
  10 water elementals
  58 redbacks
  29 tarantellas
  45 yaks
  A spriggan (D:7)
  An air elemental (Elf:2)
  A wyvern (D:9)
  2 hogs (Lair:6)
  15 golden eyes
  5 fire bats
  4 basilisks
  2 redback simulacra (Spider:4)
  A sea snake simulacrum (Shoals:3)
  3 spectral orb spiders (Spider:4)
  3 wargs
  19 water moccasins
  A hell hound (D:10)
  14 porcupines
  Duvessa (D:4)
  A tarantella simulacrum (Spider:4)
  A swamp drake (D:9)
  A black bear (Lair:6)
  21 orc warriors
  5 eyes of draining
  5 ice beasts
  2 phantoms
  A sky beast (D:10)
  A satyr simulacrum (Shoals:3)
  14 wolves
  22 ogres
  2 centaurs
  19 crocodiles
  A big kobold (D:5)
  A gnoll sergeant (D:8)
  6 elf zombies (Elf:1)
  11 bullfrogs
  4 earth elementals (Elf:3)
  Dowan (D:4)
  5 scorpions
  8 killer bees (D:9)
  2 manticore simulacra (Shoals:3)
  2 snapping turtle simulacra (Shoals:3)
  2 howler monkeys
  7 electric eels
  2 centaur zombies
  A bullfrog zombie (D:8)
  4 crimson imps
  2 lava snakes (D:10)
  17 orc wizards
  4 hounds
  3 jellies
  18 orc priests
  Crazy Yiuf (D:4)
  2 cyclops simulacra (Shoals:3)
  Jessica (D:2)
  2 bullfrog skeletons
  5 iguanas
  7 worker ants
  A hound skeleton (D:8)
  A hound zombie (D:8)
  2 worker ant zombies
  Robin (D:3)
  3 gnolls
  10 adders
  3 shadow imps
  An ooze (D:3)
  An adder skeleton (D:9)
  2 worms (D:3)
  6 leopard geckos
  58 orcs
  A ball python (D:1)
  3 giant cockroaches
  11 goblins
  5 hobgoblins
  13 kobolds
  7 quokkas
  8 bats
  3 frilled lizards
  2 quokka skeletons
  9 rats
  2 crawling corpses (Elf:3)
  A fire vortex (D:10)
  5 plants
  4 tentacles
1263 creatures vanquished.

Vanquished Creatures (others)
  Nikola (Elf:2)
  3 deep elf master archers (Elf:3)
  Asterion (Elf:2)
  A ghost moth (Spider:2)
  2 merfolk javelineers
  A satyr (Shoals:4)
  A deep elf knight (Elf:2)
  A deep elf archer (Elf:3)
  2 deep elf magi (Elf:2)
  A redback (Spider:1)
  A human (Lair:6)
  A centaur (Shoals:3)
  2 orcs (Orc:2)
  A bush (Lair:4)
  2 butterflies (Lair:6)
  2 fire vortices (D:10)
  3 fungi
  47 plants
  19 tentacles
92 creatures vanquished.

Grand Total: 1355 creatures vanquished

Notes
Turn   | Place    | Note
-------+----------+-------------------------------------------
     0 | D:1      | Hylith the Minotaur Fighter began the quest for the Orb.
     0 | D:1      | Reached XP level 1. HP: 19/19 MP: 0/0
   108 | D:1      | Reached XP level 2. HP: 24/27 MP: 1/1
   151 | D:1      | Reached skill level 4 in Fighting
   546 | D:2      | Reached XP level 3. HP: 33/33 MP: 2/2
   581 | D:2      | Found an iron altar of Okawaru.
   607 | D:2      | Became a worshipper of Warmaster Okawaru
   658 | D:2      | Found a stormy altar of Qazlal.
   660 | D:2      | Noticed an earth elemental
   697 | D:2      | Noticed an air elemental
   699 | D:2      | Noticed Jessica
   700 | D:2      | Noticed a water elemental
   700 | D:2      | Noticed a fire elemental
   712 | D:2      | Killed Jessica
   725 | D:2      | Reached XP level 4. HP: 35/40 MP: 3/3
   799 | D:2      | Found a bloodstained altar of Trog.
  1045 | D:3      | Reached skill level 1 in Dodging
  1228 | D:3      | Found an opulent altar of Gozag.
  1333 | D:3      | Noticed Robin
  1351 | D:3      | Killed Robin
  1483 | D:3      | Found a white marble altar of Elyvilon.
  1608 | D:3      | Found a shattered altar of Ashenzari.
  1682 | D:4      | Reached XP level 5. HP: 47/47 MP: 4/4
  1770 | D:4      | Reached * piety under Okawaru
  1770 | D:4      | Reached skill level 5 in Maces & Flails
  1770 | D:4      | Reached XP level 6. HP: 19/53 MP: 5/5
  1813 | D:4      | Noticed Duvessa
  1827 | D:5      | Entered Level 5 of the Dungeon
  1841 | D:5      | Reached skill level 5 in Shields
  1849 | D:5      | HP: 2/53 [orc priest/divine providence (13)]
  2174 | D:5      | Noticed an ice beast
  2181 | D:5      | Killed an ice beast
  2181 | D:5      | Reached skill level 5 in Fighting
  2183 | D:5      | Found a sacrificial altar of Ru.
  2192 | D:5      | Reached XP level 7. HP: 54/61 MP: 6/6
  2255 | D:5      | Found a glowing silver altar of Zin.
  2451 | D:5      | Reached ** piety under Okawaru
  2467 | D:5      | Found a staircase to the Ecumenical Temple.
  2573 | D:5      | Found a shadowy altar of Dithmenos.
  2591 | D:4      | Reached skill level 5 in Armour
  2611 | D:4      | Found a deep blue altar of Sif Muna.
  2634 | D:4      | Noticed Dowan
  2647 | D:4      | Killed Duvessa
  2647 | D:4      | Reached skill level 6 in Fighting
  2661 | D:4      | Killed Dowan
  2787 | D:4      | Got a pair of ichor-stained gloves
  2816 | D:4      | Identified the +2 pair of gloves of Geanodgh {-Cast rPois
                  | Dex+4} (You found it on level 4 of the Dungeon)
  2840 | D:4      | Reached XP level 8. HP: 71/71 MP: 7/7
  2905 | D:4      | Found a runed translucent door.
  2906 | D:4      | Noticed Crazy Yiuf
  2915 | D:4      | Killed Crazy Yiuf
  3409 | D:6      | Reached *** piety under Okawaru
  3519 | D:6      | Found a burning altar of Makhleb.
  4069 | D:7      | Found a shimmering altar of Xom.
  4092 | D:7      | Reached skill level 7 in Fighting
  4587 | D:8      | Reached XP level 9. HP: 79/79 MP: 8/8
  4710 | D:8      | Reached skill level 10 in Maces & Flails
  4717 | D:8      | Noticed a centaur warrior
  4734 | D:8      | Killed a centaur warrior
  4734 | D:8      | Reached **** piety under Okawaru
  4831 | D:8      | Reached skill level 8 in Fighting
  4857 | D:8      | Noticed a manticore
  4872 | D:8      | Killed a manticore
  4886 | D:8      | Noticed a two-headed ogre
  5750 | D:8      | Killed a two-headed ogre
  5750 | D:8      | Reached ***** piety under Okawaru
  5750 | D:8      | Received a gift from Okawaru
  5750 | D:8      | Reached XP level 10. HP: 43/90 MP: 9/9
  5869 | D:8      | Found a runed translucent gate.
  5869 | D:8      | Found a runed translucent gate.
  5870 | D:8      | Noticed asdu's ghost (novice DrTm)
  5873 | D:8      | Found a runed translucent gate.
  5937 | D:8      | Found a sparkling altar of Nemelex Xobeh.
  6461 | D:9      | Found an ancient bone altar of Kikubaaqudgha.
  6505 | D:9      | Reached skill level 9 in Fighting
  6644 | D:9      | Noticed a two-headed ogre
  6656 | D:9      | Killed a two-headed ogre
  6675 | D:9      | Found a staircase to the Orcish Mines.
  6702 | D:9      | Reached skill level 10 in Shields
  6825 | D:9      | Found a staircase to the Lair.
  6978 | D:9      | Received a gift from Okawaru
  6991 | D:9      | Got a jewelled demon whip {god gift}
  6992 | D:9      | Identified the +2 demon whip of the Whale {vamp, rElec MR+}
                  | (Okawaru gifted it to you on level 9 of the Dungeon)
  7210 | D:10     | Entered Level 10 of the Dungeon
  7281 | D:10     | Reached XP level 11. HP: 99/99 MP: 10/10
  7370 | D:10     | Noticed a tengu warrior
  7388 | D:10     | Killed a tengu warrior
  7388 | D:10     | Reached skill level 10 in Fighting
  7470 | D:10     | Noticed a two-headed ogre
  7481 | D:10     | Killed a two-headed ogre
  8253 | D:10     | Got a polished chain mail
  8279 | D:10     | Identified the +4 chain mail of Misasier {*Contam Dex+4
                  | SInv} (You found it on level 10 of the Dungeon)
  8420 | D:10     | Noticed an unseen horror
  8425 | D:10     | Killed an unseen horror
  8473 | D:11     | Found Idaibal's Magic Scroll Shop.
  8479 | D:11     | Bought a scroll of identify for 32 gold pieces
  8479 | D:11     | Bought 3 scrolls of identify for 96 gold pieces
  8527 | D:11     | Noticed a skeletal warrior
  8527 | D:11     | Noticed a skeletal warrior
  8648 | Lair:1   | Entered Level 1 of the Lair of Beasts
  8713 | Lair:1   | Received a gift from Okawaru
  8713 | Lair:1   | Reached skill level 1 in Throwing
  8833 | Lair:1   | Noticed Fannar
  8858 | Lair:1   | Killed Fannar
  8885 | Lair:1   | Reached skill level 11 in Fighting
  9330 | Lair:1   | You fall through a shaft!
  9356 | Lair:2   | Reached XP level 12. HP: 110/110 MP: 11/11
  9608 | Lair:2   | Found a hole to the Spider Nest.
  9729 | Lair:2   | Received a gift from Okawaru
  9891 | Lair:2   | Reached skill level 12 in Fighting
 10464 | Lair:3   | Noticed a seven-headed hydra
 10482 | Lair:3   | Killed a seven-headed hydra
 10506 | Lair:3   | Reached ****** piety under Okawaru
 10573 | Lair:3   | Gained mutation: Your spells are a little easier to cast,
                  | but a little less powerful. [mutagenic glow]
 10742 | Lair:3   | Received a gift from Okawaru
 10950 | Lair:3   | Found a staircase to the Shoals.
 10998 | Lair:3   | Received a gift from Okawaru
 11154 | Lair:3   | Reached skill level 13 in Fighting
 11546 | Lair:4   | Reached skill level 10 in Armour
 11606 | Lair:4   | Noticed a six-headed hydra
 11616 | Lair:4   | Killed a six-headed hydra
 11616 | Lair:4   | Reached XP level 13. HP: 107/122 MP: 12/12
 12222 | Lair:5   | Noticed Nessos
 12236 | Lair:5   | Killed Nessos
 12607 | Lair:6   | Entered Level 6 of the Lair of Beasts
 12635 | Lair:6   | Reached skill level 14 in Fighting
 12635 | Lair:6   | Reached skill level 5 in Throwing
 12689 | Lair:6   | Received a gift from Okawaru
 12693 | Lair:6   | Got a smoking demon whip {god gift}
 12694 | Lair:6   | Identified the +1 demon whip of the Whale {venom, rF+ rC+}
                  | (Okawaru gifted it to you on level 6 of the Lair of Beasts)
 13027 | Lair:6   | Noticed Kirke
 13052 | Lair:6   | Killed Kirke
 13111 | Lair:6   | Reached skill level 15 in Shields
 13180 | Lair:6   | Reached skill level 15 in Fighting
 13266 | Lair:6   | Noticed Rupert
 13323 | Lair:6   | Killed Rupert
 13323 | Lair:6   | Received a gift from Okawaru
 13342 | Lair:6   | Reached XP level 14. HP: 118/135 MP: 13/13
 13805 | Lair:6   | Got a bloodstained cloak
 13822 | Lair:6   | Identified the cursed +0 cloak of Refuge {rCorr} (You found
                  | it on level 6 of the Lair of Beasts)
 14627 | Lair:6   | Found a staircase to the Slime Pits.
 14873 | Orc:1    | Entered Level 1 of the Orcish Mines
 14873 | Orc:1    | Found Pyahacu's Food Shoppe.
 15078 | Orc:2    | Entered Level 2 of the Orcish Mines
 15155 | Orc:2    | Received a gift from Okawaru
 15155 | Orc:2    | Reached skill level 16 in Fighting
 15344 | Orc:2    | Reached skill level 17 in Fighting
 15345 | Orc:2    | Found Lyguts's Armour Boutique.
 15368 | Orc:2    | Found Sired's Food Emporium.
 15372 | Orc:2    | Found Oboteymp's Food Shoppe.
 15373 | Orc:2    | Found Weyl's Gadget Emporium.
 15388 | Orc:2    | Found a staircase to the Elven Halls.
 15638 | Orc:2    | Received a gift from Okawaru
 15783 | Orc:2    | Noticed Erolcha
 15795 | Orc:2    | Killed Erolcha
 15818 | Orc:2    | Found Egim's Food Shop.
 16157 | Orc:1    | Reached skill level 15 in Maces & Flails
 16224 | Orc:1    | Received a gift from Okawaru
 16527 | Orc:2    | Learned a level 2 spell: Swiftness
 16772 | Shoals:1 | Entered Level 1 of the Shoals
 16942 | Shoals:1 | Received a gift from Okawaru
 16997 | Shoals:1 | Reached skill level 1 in Invocations
 16997 | Shoals:1 | Reached XP level 15. HP: 105/149 MP: 6/14
 17074 | Shoals:1 | Reached skill level 18 in Fighting
 17369 | Shoals:1 | Noticed Aizul
 17390 | Shoals:1 | Killed Aizul
 17585 | Shoals:2 | Received a gift from Okawaru
 18021 | Shoals:2 | You fall through a shaft!
 18251 | Shoals:2 | Reached skill level 19 in Fighting
 19284 | Shoals:3 | Found a runed translucent gate.
 19284 | Shoals:3 | Found a runed translucent gate.
 19284 | Shoals:3 | Found a runed translucent gate.
 19286 | Shoals:3 | Noticed Hylith's ghost (journeyman MiFi)
 19366 | Shoals:3 | Reached skill level 20 in Fighting
 19586 | Shoals:3 | Noticed a kraken
 19615 | Shoals:3 | Killed a kraken
 19615 | Shoals:3 | Received a gift from Okawaru
 19628 | Shoals:3 | Got a pair of faintly glowing boots {god gift}
 19634 | Shoals:3 | Identified the +0 pair of boots of the Kettle-Drum {rN+}
                  | (Okawaru gifted it to you on level 3 of the Shoals)
 19740 | Shoals:3 | Reached skill level 21 in Fighting
 20129 | Shoals:4 | Entered Level 4 of the Shoals
 20711 | Shoals:4 | Reached XP level 16. HP: 168/168 MP: 16/16
 20996 | Shoals:4 | Reached skill level 22 in Fighting
 21216 | Shoals:4 | Received a gift from Okawaru
 21464 | Shoals:4 | Got a barnacled rune of Zot
 21908 | Shoals:4 | Reached skill level 23 in Fighting
 21989 | Shoals:4 | Found the +8 Wrath of Trog {antimagic, *Rage}
 22383 | Shoals:4 | Noticed a kraken
 22405 | Shoals:4 | Killed a kraken
 22802 | Spider:1 | Entered Level 1 of the Spider Nest
 22943 | Lair:2   | Reached skill level 5 in Dodging
 23428 | Spider:1 | Identified a scroll of acquirement
 23803 | Spider:2 | Received a gift from Okawaru
 24386 | Spider:3 | Reached XP level 17. HP: 180/180 MP: 17/17
 25469 | Spider:4 | Entered Level 4 of the Spider Nest
 25469 | Spider:4 | Found a runed translucent gate.
 25469 | Spider:4 | Found a runed translucent gate.
 25469 | Spider:4 | Found a runed translucent gate.
 25472 | Spider:4 | Noticed Cathule's ghost (journeyman TrHu)
 25749 | Spider:4 | Received a gift from Okawaru
 25842 | Spider:4 | Reached skill level 10 in Throwing
 25980 | Spider:4 | Noticed Arachne
 26242 | Spider:4 | Reached skill level 24 in Fighting
 26338 | Spider:4 | Received a gift from Okawaru
 26642 | Spider:4 | Killed Arachne
 26699 | Spider:4 | Gained mutation: Your system is resistant to poisons.
                  | (rPois) [mutagenic glow]
 26760 | Spider:4 | Got a gossamer rune of Zot
 26779 | Spider:4 | Reached XP level 18. HP: 190/190 MP: 0/19
 27043 | Spider:4 | Killed Cathule's ghost
 27379 | Shoals:3 | Killed Hylith's ghost
 27699 | Elf:1    | Entered Level 1 of the Elven Halls
 27909 | Elf:1    | Found Aruph's Armour Emporium.
 28089 | Elf:1    | Reached skill level 15 in Armour
 28130 | Elf:1    | Identified the Grimoire of Necromancy
 28249 | Elf:1    | Received a gift from Okawaru
 28556 | Elf:2    | Noticed Agnes
 28565 | Elf:2    | Killed Agnes
 28988 | Elf:2    | Received a gift from Okawaru
 28997 | Elf:2    | Reached skill level 10 in Dodging
 29144 | Elf:2    | Received a gift from Okawaru
 29338 | Elf:2    | Noticed Nikola
 29353 | Elf:2    | Killed Nikola
 29353 | Elf:2    | Reached skill level 5 in Invocations
 29737 | Elf:2    | Received a gift from Okawaru
 29843 | Elf:2    | Found a huge runed translucent gate.
 29843 | Elf:2    | Found a huge runed translucent gate.
 29843 | Elf:2    | Found a huge runed translucent gate.
 29843 | Elf:2    | Found a huge runed translucent gate.
 29852 | Elf:2    | Found a huge runed translucent gate.
 29980 | Elf:2    | Noticed Asterion
 29998 | Elf:2    | Gained mutation: Scrolls take you a little longer to read.
                  | [a cacodemon]
 30001 | Elf:2    | Killed Asterion
 30042 | Elf:2    | Received a gift from Okawaru
 30045 | Elf:2    | Got a pair of twisted gloves {god gift}
 30064 | Elf:2    | Identified the +1 pair of gloves "Geid" {Str+3 Slay+3}
                  | (Okawaru gifted it to you on level 2 of the Elven Halls)
 30412 | Elf:3    | Entered Level 3 of the Elven Halls
 30446 | Elf:3    | Reached XP level 19. HP: 194/198 MP: 22/22
 30480 | Elf:3    | Noticed Saint Roka
 30549 | Elf:3    | Killed Saint Roka
 30639 | Elf:3    | Found Poajamolaf's Distillery.
 30701 | Elf:3    | Found Ocyxoliyty's Distillery.
 30721 | Elf:3    | Bought a potion of mutation for 128 gold pieces
 30727 | Elf:3    | Bought a potion of haste for 180 gold pieces
 30727 | Elf:3    | Bought a potion of haste for 180 gold pieces
 30870 | Elf:3    | Received a gift from Okawaru
 30904 | Elf:3    | Identified a +0 pair of boots of running (Okawaru gifted it
                  | to you on level 3 of the Elven Halls)
 31419 | Elf:3    | Cast into level 2 of the Abyss (a deep elf sorcerer)
 31469 | Elf:3    | Escaped the Abyss
 31710 | Elf:3    | Noticed a Tzitzimitl
 32196 | Elf:3    | Identified the Catalogue of Enchantment
 32545 | Slime:1  | Entered Level 1 of the Pits of Slime
 32667 | Slime:1  | Received a gift from Okawaru
 32673 | Slime:1  | Gained mutation: You are occasionally teleported next to
                  | monsters. [a shining eye]
 32674 | Slime:1  | Gained mutation: You do not regenerate when monsters are
                  | visible. [a shining eye]
 32929 | Slime:1  | Received a gift from Okawaru
 32929 | Slime:1  | Reached XP level 20. HP: 32/206 MP: 23/23
 32943 | Slime:1  | HP: 8/206 [acid (7)]
 33438 | Slime:1  | Lost mutation: Scrolls take you a little longer to read.
                  | [mutagenic glow]
 33965 | Slime:2  | Lost mutation: You do not regenerate when monsters are
                  | visible. [a shining eye]
 33966 | Slime:2  | Gained mutation: Your spells are easier to cast, but less
                  | powerful. [a shining eye]
 34383 | Slime:2  | Gained mutation: Scrolls take you a little longer to read.
                  | [mutagenic glow]
 34407 | Slime:2  | Gained mutation: Your spells are much easier to cast, but
                  | much less powerful. [mutagenic glow]
 34775 | Slime:3  | Gained mutation: Armour fits poorly on your strangely
                  | shaped body. [a shining eye]
 36325 | Slime:4  | HP: 4/206 [acid (11)]
 36326 | Slime:4  | Splashed by an acid blob's acid

Levels and vault maps discovered:
D:1:      co_arrival_square_in_a_square_in_a_square, layout_rooms,
          minmay_stone_trees_medium
D:2:      layout_rooms, nicolae_overflow_crystal_walls,
          nicolae_qazlal_style_of_elements, lightli_temple_of_fire, uniq_jessica
D:3:      layout_loops_ring, elyvilon_altar_3, overflow_temple_1_default,
          grunt_gozag_breadcrumbs, mrwooster_statue_mirror, uniq_robin
D:4:      layout_rooms, kennysheep_little_box, due_unseen_surprise,
          uniq_duvessa, uniq_crazy_yiuf_cottage
D:5:      layout_rooms, nicolae_ru_sacrificial_ziggurat,
          grunt_dithmenos_shadows, zin_academy, minmay_temple_entry_waves,
          first_ration, chequers_serial_rivers_small_b, serial_bayou_ford_a
D:6:      layout_basic, marbit_many_paths
D:7:      layout_loops_cross, basic_altar, the_bakery,
          hangedman_decor_diamond_cutter, nrook_uturn
D:8:      minmay_ornate_pinched, layout_layer_cave,
          nemelex_xobeh_ov_fountains_minmay, ebering_ghost_rock_garden
D:9:      layout_basic, kennysheep_mini_moat, erik_lair_dragon, orc_0_dummy,
          serial_rivers, chequers_serial_rivers_small_3,
          chequers_serial_rivers_small_3, chequers_serial_rivers_micro_c,
          chequers_serial_rivers_room_a
D:10:     layout_loops_ring, hangedman_incinerator
D:11:     layout_loops_ring, serial_shops, nicolae_shop_waterfront
Lair:1:   layout_long_grid, grunt_megastairs_1, uniq_fannar
Lair:2:   layout_misc_corridors, spider_nest_entry_funnel_web,
          infiniplex_staircase_pool_2
Lair:3:   layout_roguey, elwin_shoals_entry_rooms, serial_bayou,
          serial_bayou_pond_b, serial_bayou_lagoon_a, serial_bayou_pond_d,
          serial_bayou_pond_b
Lair:4:   wad_woods_structure_01, layout_cave_shapes
Lair:5:   layout_loops_ring, minmay_lair_drake_nest, uniq_nessos
Lair:6:   grunt_lair_end_beastmaster, layout_regular_city,
          minmay_slime_entry_oklob_enclosed, chequers_serial_rivers_micro_b,
          minmay_lair_oklob_chamber, lemuel_fruit_fields, uniq_kirke,
          uniq_rupert
Shoals:1: layout_shoals, uniq_aizul
Shoals:2: layout_shoals
Shoals:3: layout_shoals, gammafunk_ghost_necromancy
Shoals:4: shoals_end_grunt_garden, layout_shoals
Spider:1: layout_spider_delve
Spider:2: layout_spider_delve, nicolae_spider_webbed_stairs
Spider:3: layout_chambers
Spider:4: johnstein_spider_rune_arachne_lair, gammafunk_ghost_necromancy
Slime:1:  layout_caves, cheibrodos_slime_lost_civilization_4
Slime:2:  layout_caves
Slime:3:  layout_caves
Slime:4:  layout_caves
Orc:1:    layout_caves, serial_shops, shop
Orc:2:    st_orc_open, layout_caves, serial_shops, nicolae_shop_crystal,
          uniq_erolcha
Elf:1:    minmay_elf_arrival_plus, layout_loops_corners, serial_shops, shop,
          minmay_elf_necromancy
Elf:2:    layout_gridlike, st_stairs_1, nicolae_elf_big_sculpture_2, drop_trap,
          uniq_nikola, uniq_asterion, uniq_agnes
Elf:3:    minmay_elf_hall_furrowed, layout_rooms, minmay_shoptagon,
          uniq_saint_roka
Abyss:2

Skill      XL: |  1  2  3  4  5  6  7  8  9 10 11 12 13 14 15 16 17 18 19 20 |
---------------+-------------------------------------------------------------+-----
Armour         | 4 5 6 7 8 10 11 12 14 16 | 16.8
Fighting       | 4 5 6 7 8 9 11 13 15 17 21 23 24 | 24.0
Shields        | 4 5 6 7 9 10 11 13 15 16 17 19 20 | 20.7
Maces & Flails | 3 5 6 7 9 11 13 14 15 16 17 | 17.4
Dodging        | 1 2 3 4 5 7 11 | 11.6
Throwing       | 3 4 6 8 9 10 11 | 11.5
Invocations    | 1 2 3 6 |  6.0
Evocations     | |  0.2

Action                   |  1- 3 |  4- 6 |  7- 9 | 10-12 | 13-15 | 16-18 | 19-21 || total
-------------------------+-------+-------+-------+-------+-------+-------+-------++-------
Melee: Flail             |    83 |   140 |   254 |       |       |       |       ||   477
       Headbutt          |     9 |    22 |    60 |   213 |   518 |   727 |   367 ||  1916
       Morningstar       |       |       |    44 |       |       |       |       ||    44
       Great mace        |       |       |    24 |       |       |       |       ||    24
       Eveningstar       |       |       |       |   133 |       |       |       ||   133
       Demon whip        |       |       |       |   564 |  1486 |  2014 |   856 ||  4920
Throw: Stone             |       |     3 |     6 |   119 |    10 |       |       ||   138
       Tomahawk          |       |       |       |     3 |    83 |   125 |    83 ||   294
       Javelin           |       |       |       |       |    15 |       |       ||    15
Invok: Heroism           |       |       |     1 |     5 |     6 |     8 |     2 ||    22
       Finesse           |       |       |       |       |       |     3 |       ||     3
Evoke: Wand              |       |       |       |     4 |       |       |       ||     4
  Use: Potion            |       |     3 |     4 |       |     1 |     2 |    11 ||    21
       Scroll            |       |       |       |    16 |     7 |     8 |     4 ||    35
 Stab: Held in net/web   |       |       |       |       |     1 |       |       ||     1
  Eat: Chunk             |       |     4 |    12 |    41 |    39 |    26 |     5 ||   127
       Ration            |       |       |       |     1 |     1 |     2 |     4 ||     8
Armor: Scale mail        |    38 |       |       |       |       |       |       ||    38
       Chain mail        |     8 |    74 |   130 |   164 |   423 |   637 |   201 ||  1637
       Skin              |       |    16 |     7 |       |       |       |       ||    23
Dodge: Dodged            |    20 |    29 |    90 |   123 |   386 |   573 |   262 ||  1483
Block: Shield            |    43 |    80 |   149 |   328 |   870 |   375 |       ||  1845
       Reflection        |       |       |       |       |    78 |   110 |    37 ||   225
       Large shield      |       |       |       |       |       |  1547 |   706 ||  2253

Table legend:
 A = Non-vault XP
 B = Vault XP
 C = Vault XP percentage of total XP
 D = Non-vault monster count
 E = Vault monster count
 F = Vault count percentage of total count
                 A         B        C        D         E       F
            +---------+---------+-------+---------+---------+-------
      Total |  318740 |  204704 |  39.1 |     939 |     327 |  25.8
            +---------+---------+-------+---------+---------+-------
        D:1 |      34 |       0 |   0.0 |      21 |       0 |   0.0
        D:2 |      28 |      37 |  56.9 |      10 |       1 |   9.1
        D:3 |      71 |      24 |  25.3 |      29 |       7 |  19.4
        D:4 |     501 |     263 |  34.4 |      19 |       3 |  13.6
        D:5 |     684 |      12 |   1.7 |      14 |       1 |   6.7
        D:6 |     383 |      48 |  11.1 |       7 |       1 |  12.5
        D:7 |     563 |     211 |  27.3 |      20 |       1 |   4.8
        D:8 |    1493 |    2200 |  59.6 |      19 |      10 |  34.5
        D:9 |    3498 |     810 |  18.8 |      35 |       6 |  14.6
       D:10 |    3630 |    1024 |  22.0 |      17 |       7 |  29.2
     Lair:1 |    4609 |    1164 |  20.2 |      26 |       2 |   7.1
     Lair:2 |    6088 |     974 |  13.8 |      26 |       4 |  13.3
     Lair:3 |    4526 |    2913 |  39.2 |      27 |       9 |  25.0
     Lair:4 |    2677 |    2391 |  47.2 |      14 |       7 |  33.3
     Lair:5 |    2851 |    2838 |  49.9 |      13 |       5 |  27.8
     Lair:6 |   11581 |   17837 |  60.6 |      30 |      29 |  49.2
   Shoals:1 |   13007 |    1595 |  10.9 |      27 |       1 |   3.6
   Shoals:2 |   10893 |       0 |   0.0 |      21 |       0 |   0.0
   Shoals:3 |   19579 |    5166 |  20.9 |      35 |      14 |  28.6
   Shoals:4 |   18922 |   20193 |  51.6 |      39 |      31 |  44.3
   Spider:1 |    9814 |       0 |   0.0 |      29 |       0 |   0.0
   Spider:2 |   14829 |       0 |   0.0 |      41 |       0 |   0.0
   Spider:3 |   18733 |       0 |   0.0 |      49 |       0 |   0.0
   Spider:4 |   29941 |   39444 |  56.8 |      63 |      63 |  50.0
    Slime:1 |   26043 |       0 |   0.0 |      33 |       0 |   0.0
    Slime:2 |   16972 |       0 |   0.0 |      23 |       0 |   0.0
    Slime:3 |   29931 |       0 |   0.0 |      70 |       0 |   0.0
    Slime:4 |    2200 |       0 |   0.0 |       8 |       0 |   0.0
      Orc:1 |    4758 |       0 |   0.0 |      48 |       0 |   0.0
      Orc:2 |    2982 |   16610 |  84.8 |      29 |      38 |  56.7
      Elf:1 |    6264 |    6071 |  49.2 |      12 |      15 |  55.6
      Elf:2 |   30098 |   29950 |  49.9 |      48 |      33 |  40.7
      Elf:3 |   20370 |   52929 |  72.2 |      36 |      39 |  52.0
    Abyss:2 |     187 |       0 |   0.0 |       1 |       0 |   0.0
            +---------+---------+-------+---------+---------+-------
